 Dungeon Crawl Stone Soup version 0.29-a0-322-g68df515428 (webtiles) character file.

Game seed: 7975937664439466737

6197 Flugkiller the Martial Artist (level 10, 0/68 HPs)
             Began as an Octopode Delver on Apr 6, 2022.
             Was a Follower of Dithmenos.
             Killed from afar by an electric eel (12 damage)
             ... with a bolt of electricity
             ... on level 10 of the Dungeon.
             The game lasted 00:15:59 (13135 turns).

Flugkiller the Martial Artist (Octopode Delver)    Turns: 13135, Time: 00:16:00

Health: 0/68       AC:  1    Str: 11    XL:     10   Next: 91%
Magic:  23/23      EV: 33    Int: 14    God:    Dithmenos [*.....]
Gold:   157        SH:  0    Dex: 17    Spells: 7/14 levels left

rFire   . . .      SeeInvis .     - Unarmed
rCold   + . .      Faith    .   (no shield)
rNeg    . . .      Spirit   .   (helmet restricted)
rPois   .          Reflect  .   D - amulet of the acrobat
rElec   .          Harm     .   d - ring of magical power
rCorr   .          Rampage  .   p - ring of protection from cold
Will    .....                   (no ring)
Stlth   +++++.....              (no ring)
HPRegen 0.21/turn               (no ring)
MPRegen 0.18/turn               (no ring)
                                (no ring)
                                (no ring)

@: acrobatic, wreathed by umbra
A: almost no armour, amphibious, 8 rings, camouflage 1, gelatinous body 1,
(nimble swimmer 1), tentacles
a: Renounce Religion


You were on level 10 of the Dungeon.
You worshipped Dithmenos.
Dithmenos was aware of your devotion.
You visited 2 branches of the dungeon, and saw 11 of its levels.
You also visited: Sewer and Bailey.

You collected 811 gold pieces.
You spent 654 gold pieces at shops.

Inventory:

Hand Weapons
 a - a +0 short sword
 n - the +3 falchion "Canayzem" {flame, Str+4 Int+6}
   (You found it on level 3 of the Dungeon)

   It burns those it strikes, dealing additional fire damage.
   Big, fiery blades are also staple armaments of hydra-hunters.
   Str:       It affects your strength (+4).
   Int:       It affects your intelligence (+6).
 N - the +6 mace of Dominance {antimagic, Dex+3}
   (You found it on level 10 of the Dungeon)

   It reduces the magical energy of the wielder, and disrupts the spells and
   magical abilities of those it strikes.
   Natural abilities and divine invocations are not affected.
   Dex:       It affects your dexterity (+3).
Missiles
 B - a curare-tipped dart (quivered)
Jewellery
 d - a ring of magical power (left tentacle)
   (You found it on level 6 of the Dungeon)
 p - a ring of protection from cold (right tentacle)
   (You took it off an orc on level 7 of the Dungeon)
 x - an amulet of faith
   (You found it on level 3 of the Dungeon)
 y - a ring of ice
   (You found it on level 4 of the Dungeon)
 D - an amulet of the acrobat (around mantle)
   (You found it on level 6 of the Dungeon)
 L - a ring of fire
   (You found it on level 9 of the Dungeon)
Wands
 f - a wand of digging (6)
 k - a wand of charming (18)
   (You found it on level 4 of the Dungeon)
 G - a wand of iceblast (11)
   (You found it in a bailey)
Scrolls
 b - 3 scrolls of fog
 c - 2 scrolls of magic mapping
 e - 3 scrolls of vulnerability
 g - a scroll of enchant armour
 j - 2 scrolls of brand weapon
 l - 4 scrolls of immolation
 m - 2 scrolls of holy word
 r - 3 scrolls of identify
 t - 2 scrolls of teleportation
 u - a scroll of amnesia {unknown}
 z - 3 scrolls of blinking
 E - 2 scrolls of fear
 I - a scroll of torment {unknown}
 M - a scroll of enchant weapon {unknown}
Potions
 h - 2 potions of haste
 i - a potion of berserk rage
 o - 2 potions of degeneration {unknown}
 q - 5 potions of curing
 s - 3 potions of resistance {unknown}
 v - 3 potions of might {unknown}
 w - 2 potions of heal wounds
 A - a potion of attraction {unknown}
 C - 5 potions of mutation
 F - 6 potions of flight
 K - 2 potions of ambrosia {unknown}
Miscellaneous
 H - a tin of tremorstones (2/2)
   (You found it in a bailey)
 J - a condenser vane (inert)
   (You found it on level 8 of the Dungeon)


   Skills:
 - Level 6.0 Fighting
 - Level 2.0 Short Blades
 + Level 9.4 Dodging
 - Level 6.6 Stealth
 * Level 10.1 Unarmed Combat
 + Level 2.7 Spellcasting
 + Level 2.9 Transmutations
 + Level 3.0 Air Magic
 - Level 4.0 Evocations


You had 7 spell levels left.
You knew the following spells:

 Your Spells              Type           Power      Damage    Failure   Level
a - Storm Form            Tmut/Air       5%         N/A       100%        7

Your spell library contained the following spells:

 Spells                   Type           Power      Damage    Failure   Level
 Passwall                 Tmut/Erth      5%         N/A       19%         2
 Swiftness                Air            10%        N/A       19%         3
 Ensorcelled Hibernation  Hex/Ice        2%         N/A       32%         2
 Confusing Touch          Hex            1%         N/A       54%         3
 Stone Arrow              Conj/Erth      2%         3d7       54%         3
 Tukima's Dance           Hex            1%         N/A       54%         3
 Summon Lightning Spire   Summ/Air       6%         N/A       75%         4
 Anguish                  Hex/Necr       0%         N/A       91%         4
 Passage of Golubria      Tloc           1%         N/A       91%         4
 Irradiate                Conj/Tmut      3%         3d14      98%         5
 Yara's Violent Unravell  Hex/Tmut       3%         3d4       98%         5
 Fireball                 Conj/Fire      0%         3d3       99%         5
 Iskenderun's Battlesphe  Conj           1%         2d6       99%         5
 Conjure Ball Lightning   Conj/Air       3%         3x3d6     100%        6
 Enfeeble                 Hex            0%         N/A       100%        7
 Orb of Destruction       Conj           0%         9d5       100%        7
 Maxwell's Capacitive Co  Air            5%         ∞         100%        8


Dungeon Overview and Level Annotations

Branches:
Dungeon (10/15)            Temple (1/1) D:7            Lair (0/6) D:10
    Orc (0/2) D:9           Sewer (visited)          Bailey (visited)

Altars:
Ashenzari
Cheibriados
Dithmenos
Elyvilon
Fedhas
Gozag
Hepliaklqana
Kikubaaqudgha
Nemelex Xobeh
Okawaru
Qazlal
Ru
Sif Muna
Trog
Uskayaw
Vehumet
Xom
Yredelemnul
Zin
The Shining One

Shops:
D:3 :   D:7 *

Annotations:
D:3 1 runed translucent door, Namnaref's ghost, amateur GrFi
D:10 exclusions: 2 killer bees and orange crystal statue


Innate Abilities, Weirdness & Mutations

You cannot wear most types of armour.
You are amphibious.
You can wear up to eight rings at the same time.
Your skin changes colour to match your surroundings (Stealth+).
Your rubbery body absorbs attacks. (AC +1, EV +1)
((You are camouflaged when in or above water. (Stealth+)))
You have tentacles for arms and can constrict up to eight enemies at once.


Message History

Throw: 3 darts (curare)
Press: ? - help, Q - select action, (/) - cycle Shift-Dir - straight line, f/p - troll
Aim: a troll (moderately wounded, poisoned, slow, 63% to hit)
Okay, then.
The troll looks more healthy.
The troll is no longer moving slowly.
The kobold hits you with a +0 short sword.
You barely miss the kobold. Your grab misses the kobold.
The kobold closely misses you.
You tentacle-slap the troll but do no damage.
The troll is lightly wounded.
The kobold closely misses you.
You see here 17 stones.
The troll attacks as you move away! The troll closely misses you.
The troll misses you. The troll completely misses you.
Throw: 3 darts (curare)
Press: ? - help, Q - select action, (/) - cycle Shift-Dir - straight line, f/p - troll
Aim: a troll (lightly wounded, umbra, 63% to hit)
You throw a curare-tipped dart.
The curare-tipped dart closely misses the troll.
The troll completely misses you. The troll claws you.
The troll closely misses you.
Throw: 2 darts (curare)
Press: ? - help, Q - select action, (/) - cycle Shift-Dir - straight line, f/p - troll
Aim: a troll (lightly wounded, umbra, 63% to hit)
You throw a curare-tipped dart. The curare-tipped dart hits the troll.
The troll is poisoned.
The troll convulses.
The troll seems to slow down.
The troll is moderately wounded.
The troll misses you. The troll claws you! The troll completely misses you.
You tentacle-slap the troll.
The troll is moderately wounded.
The kobold closely misses you. The troll completely misses you.
The troll closely misses you. The troll claws you!
The kobold throws a stone.
The stone completely misses you.
Aiming: Iceblast
Press: ? - help, Shift-Dir - straight line, f/p - troll
Aim: a troll (heavily wounded, very poisoned, slow)
The mass of ice explodes!
The iceblast engulfs the troll!
The troll is severely wounded.
The iceblast engulfs the kobold!
You kill the kobold!
Dithmenos accepts your kill.
Unknown command.
Throw: dart (curare)
Press: ? - help, Q - select action, (/) - cycle Shift-Dir - straight line, f/p - troll
Aim: a troll (severely wounded, very poisoned, slow, 63% to hit)
You throw a curare-tipped dart. The curare-tipped dart hits the troll.
The troll looks as sick as possible!
The troll convulses.
The troll seems to be slow for longer.
The troll is almost dead.
You tentacle-slap the troll but do no damage.
The troll is almost dead.
You closely miss the troll.
The troll is almost dead.
The troll misses you. x2; The troll completely misses you.
You bludgeon the troll!
You kill the troll!
Dithmenos accepts your kill.
Your Air Magic skill increases to level 3!
Things that are here:
a +0 short sword; 2 stones
B - a curare-tipped dart You start resting.
HP restored.
You start waiting.
Done waiting.
A hound comes into view.
A hound is nearby!
A hound is nearby!
Found a stone staircase leading up.
An electric eel comes into view.
The electric eel shoots out a bolt of lightning at you!
The bolt of electricity hits you!
The hound barks!
You bludgeon the hound! You grab the hound.
The hound is heavily wounded.
You constrict the hound, but do no damage.
The hound bites you.
You tentacle-slap the hound.
The hound is severely wounded.
You constrict the hound. The hound closely misses you.
The electric eel shoots out a bolt of lightning at you!
The bolt of electricity hits you!
You tentacle-slap the hound. You squeeze the hound.
You kill the hound!
Dithmenos accepts your kill.
The electric eel shoots out a bolt of lightning at you!
The bolt of electricity hits you!
The electric eel shoots out a bolt of lightning at you!
The bolt of electricity hits you!
You are too injured to fight recklessly!
You are too injured to fight recklessly!
Unknown command.
The electric eel shoots out a bolt of lightning at you!
The bolt of electricity hits you!
* * * LOW HITPOINT WARNING * * *
The electric eel shoots out a bolt of lightning at you!
The bolt of electricity hits you!
You die...

#...............#.≈≈≈≈≈≈....≈≈.≈≈
#.................≈≈≈≈≈≈.>.≈.≈≈..
#..)............(.≈≈≈≈≈≈....≈≈≈..
###.[.............≈≈≈≈≈.≈.≈.≈≈≈≈.
#....†............≈≈SS≈≈≈≈≈≈≈≈...
#...######..........≈≈≈≈≈≈≈≈≈≈...
#.....# #(..........≈S≈≈≈.≈.≈≈..
#.....# #..........≈≈.S≈≈≈......
#.....####......@....≈..≈.≈....≈.
##.....)...........≈......≈......
#...............................
#.........######'#...#.##.......
#.........# #.#.#.#.##.......
#.........# #.#.#<#.##.......
#.........# #.#.# #.##.......
#.........# #.# #.##.......
#####.....# #.# #.##.......


You could see 4 electric eels.

Vanquished Creatures
  A cyclops (D:9)
  A troll (D:10)
  A hornet (D:8)
  8 yaks (D:10)
  A hog (D:4)
  A steam dragon (D:7)
  A warg (D:9)
  A water moccasin (D:7)
  A floating eye (D:8)
  8 orc warriors
  3 sky beasts
  4 ice beasts
  A wolf (D:10)
  3 centaurs
  A phantom (D:5)
  2 kobold brigands
  2 necrophages
  3 bullfrogs
  A scorpion (D:7)
  3 wights (D:9)
  3 killer bees
  3 vampire bats (D:3)
  2 electric eels
  6 hounds
  2 orc priests
  2 iguanas
  6 orc wizards
  12 adders
  4 gnolls
  A shadow imp (D:5)
  A white imp (D:8)
  An ufetubus (D:4)
  A worm (D:8)
  2 dart slugs (D:1)
  33 orcs
  23 ball pythons
  4 bat skeletons (D:3)
  2 bat zombies (D:3)
  14 endoplasms
  12 giant cockroaches
  11 hobgoblins
  8 quokkas
  5 bats
  11 frilled lizards
  13 goblins
  15 kobolds
  11 rats
255 creatures vanquished.

Vanquished Creatures (collateral kills)
  A wyvern (D:7)
  A white imp (D:7)
  2 orcs (D:7)
  A goblin (D:9)
5 creatures vanquished.

Vanquished Creatures (others)
  A kobold (Bailey)
  37 plants (D:9)
38 creatures vanquished.

Grand Total: 298 creatures vanquished

Notes
Turn   | Place    | Note
-------+----------+-------------------------------------------
     0 | D:5      | Flugkiller the Octopode Delver began the quest for the Orb.
     0 | D:5      | Reached XP level 1. HP: 16/16 MP: 1/1
   120 | D:5      | Noticed an orc wizard
   191 | D:5      | Reached XP level 2. HP: 21/21 MP: 2/2
   215 | D:5      | Noticed a centaur
   231 | D:5      | Reached XP level 3. HP: 26/26 MP: 3/3
   232 | D:5      | Got the Handbook of Confrontation
   242 | D:5      | Reached XP level 4. HP: 30/31 MP: 4/4
   334 | D:4      | Noticed an ogre
   472 | D:3      | Reached skill level 5 in Dodging
   475 | D:3      | Reached XP level 5. HP: 22/36 MP: 5/5
   487 | D:3      | Identified the +3 falchion "Canayzem" {flame, Str+4 Int+6}
   635 | D:3      | Noticed an ice beast
  1457 | D:1      | Found a faded altar of an unknown god.
  1923 | D:3      | Found Xyuwkots's Book Shop.
  2106 | D:3      | Found an ancient bone altar of Kikubaaqudgha.
  2112 | D:3      | Reached XP level 6. HP: 37/43 MP: 6/6
  2191 | D:3      | Found a runed translucent door.
  2329 | D:3      | Killed an ice beast
  2672 | D:3      | Noticed Namnaref's ghost (amateur GrFi)
  2710 | D:4      | Reached XP level 7. HP: 30/49 MP: 7/7
  2984 | D:4      | Noticed a hog
  2984 | D:4      | an ogre changed into a hog
  2992 | D:4      | Killed a hog
  2993 | D:4      | Reached skill level 5 in Fighting
  2993 | D:4      | Reached skill level 1 in Unarmed Combat
  3071 | D:4      | Reached skill level 2 in Unarmed Combat
  3928 | D:6      | Reached skill level 3 in Unarmed Combat
  3945 | D:6      | Noticed a hornet
  3947 | D:6      | Paralysed by a hornet for 2 turns
  3959 | D:6      | Found a glowing drain.
  3984 | Sewer    | Entered a sewer
  4293 | Sewer    | Reached XP level 8. HP: 46/56 MP: 8/8
  4486 | D:6      | Reached skill level 4 in Unarmed Combat
  4583 | D:6      | Reached skill level 5 in Unarmed Combat
  5379 | D:7      | Found a staircase to the Ecumenical Temple.
  5392 | Temple   | Entered the Ecumenical Temple
  5546 | Temple   | Became a worshipper of Dithmenos the Shadowed
  5616 | D:7      | Found Eluu's General Store.
  5624 | D:7      | Bought a scroll of fear for 38 gold pieces
  5640 | D:7      | Reached skill level 6 in Unarmed Combat
  5665 | D:7      | Found a stormy altar of Qazlal.
  5715 | D:7      | Noticed a wyvern
  5731 | D:7      | Killed a wyvern
  5732 | D:7      | Reached skill level 1 in Evocations
  5732 | D:7      | Reached XP level 9. HP: 32/62 MP: 9/9
  6559 | D:7      | Reached skill level 7 in Unarmed Combat
  7167 | D:8      | Found a flagged portal.
  7192 | Bailey   | Entered a bailey
  8019 | Bailey   | Reached skill level 8 in Unarmed Combat
  8737 | D:8      | Found a snail-covered altar of Cheibriados.
  8986 | D:8      | Noticed a two-headed ogre
  8996 | D:8      | a two-headed ogre changed into a floating eye
  9239 | D:8      | Noticed a hornet
  9248 | D:8      | Killed a hornet
  9249 | D:8      | Reached XP level 10. HP: 68/68 MP: 10/10
  9698 | D:3      | Bought a book of the Sky for 616 gold pieces
  9706 | D:3      | Learned a level 7 spell: Storm Form
  9756 | D:5      | Reached skill level 9 in Unarmed Combat
 10430 | D:9      | Found a staircase to the Orcish Mines.
 10463 | D:9      | Noticed a cyclops
 10491 | D:9      | Found a sacrificial altar of Ru.
 10503 | D:9      | Reached * piety under Dithmenos
 10655 | D:9      | Reached skill level 1 in Air Magic
 10732 | D:9      | Reached skill level 1 in Spellcasting
 10732 | D:9      | Reached skill level 1 in Transmutations
 11602 | D:9      | Killed a cyclops
 12014 | D:10     | Entered Level 10 of the Dungeon
 12177 | D:10     | Noticed an orange crystal statue
 12253 | D:10     | Identified the +6 mace of Dominance {antimagic, Dex+3}
 12578 | D:10     | Found a staircase to the Lair.
 12656 | D:10     | Reached skill level 10 in Unarmed Combat
 13135 | D:10     | Killed from afar by an electric eel

Illustrated notes

Levels and vault maps discovered:
D:1:      dpeg_chamrin_arrival_tetris, layout_basic,
          shapermc_ecumenical_altar_notcrosses, minmay_misc_feat_room,
          chequers_serial_rivers_room_a
D:2:      layout_rooms
D:3:      layout_basic, kennysheep_vampire_church, serial_shops, shop,
          ebering_ghost_reflecting_pool
D:4:      layout_basic, minmay_tree_intersection, minmay_quadrilaterals
D:5:      layout_rooms
D:6:      layout_loops_corners, portal_sewer_entry_b
D:7:      layout_loops_ring, grunt_qazlal_clouds,
          minmay_temple_entry_glassed_door, serial_shops, shop
D:8:      layout_loops_cross, amethyst_overflow_temple_binary, slow_altar_2,
          enter_bailey_6, kennysheep_donut, minivault_5, amethyst_killhole
D:9:      layout_basic, nicolae_ru_great_annihilating_truth, erik_orc_3,
          serial_bayou, serial_bayou_pond_d, serial_bayou_crossing,
          serial_bayou_pond_d, serial_bayou_lagoon_a,
          chequers_serial_rivers_marsh, bh_walls_and_bars
D:10:     layout_basic, erik_lair_island, special_room [special_room_bee],
          minivault_15, minmay_misc_feat_cross, minmay_fire_ice_demons
Temple:   nicolae_temple_elliptical

Skill      XL: |  1  2  3  4  5  6  7  8  9 10 |
---------------+-------------------------------+-----
Dodging        | 3 4 5 6 7 8 9 |  9.4
Fighting       | 4 5 6 |  6.0
Unarmed Combat | 3 6 8 10 | 10.1
Evocations     | 1 4 |  4.0
Air Magic      | 3 |  3.0
Spellcasting   | 2 |  2.7
Transmutations | 2 |  2.9
Short Blades   | |  2.0
Stealth        | |  6.6

Action                   |  1- 3 |  4- 6 |  7- 9 | 10-12 || total
-------------------------+-------+-------+-------+-------++-------
Melee: Short sword       |    11 |    22 |       |       ||    33
       Constrict         |     2 |    29 |    54 |    20 ||   105
       Tentacles         |     2 |    13 |    67 |    42 ||   124
       Falchion          |       |    95 |   267 |    26 ||   388
       Punch             |       |     1 |    11 |    12 ||    24
       Unarmed           |       |       |       |   148 ||   148
Throw: Dart              |       |       |    12 |    19 ||    31
Evoke: Wand              |       |       |     4 |     6 ||    10
       Condenser vane    |       |       |       |     1 ||     1
  Use: Potion            |       |       |     4 |       ||     4
       Scroll            |       |       |    12 |     1 ||    13
 Stab: Sleeping          |     4 |    27 |    38 |     7 ||    76
       Distracted        |       |       |     1 |     1 ||     2
Armor: Skin              |       |     9 |    14 |     3 ||    26
Dodge: Dodged            |     4 |    91 |   228 |   162 ||   485

Table legend: (Time is in decaauts)
 A = Elapsed time spent in this place.
 B = Non-inter-level travel time spent in this place.
 C = Inter-level travel time spent in this place.
 D = Time resting spent in this place.
 E = Time spent auto-exploring this place.
 F = Levels seen in this place.
 G = Mean time per level.
                   A        B        C        D        E       F      G
               +--------+--------+--------+--------+--------+-----+--------+
         Total |  13212 |  12673 |    539 |   3929 |   5982 |  13 | 1016.3 |
       Dungeon |  11345 |  10831 |    514 |   2966 |   5557 |  10 | 1134.5 |
        Temple |    174 |    149 |     25 |      0 |    134 |   1 |  174.0 |
         Sewer |    454 |    454 |      0 |    105 |    155 |   1 |  454.0 |
        Bailey |   1237 |   1237 |      0 |    858 |    136 |   1 | 1237.0 |
               +--------+--------+--------+--------+--------+-----+--------+

Top non-repeatable levels by time:
     D:9: 1575 daAuts
     D:8: 1574 daAuts
     D:7: 1465 daAuts
  Bailey: 1237 daAuts
     D:6: 1220 daAuts
     D:4: 1184 daAuts
    D:10: 1107 daAuts
     D:3: 1066 daAuts
     D:5: 880 daAuts
     D:1: 866 daAuts
   Sewer: 454 daAuts
     D:2: 405 daAuts
  Temple: 174 daAuts
